[Event "Late-Titled-Tuesday-Blitz-June-18-2024"]
[Site "Chess.com"]
[Date "2024.06.18"]
[Round "3"]
[White "GHANDEEVAM2003"]
[Black "farzadbfd"]
[Result "1-0"]
[WhiteElo "2987"]
[BlackElo "2711"]
[TimeControl "180+1"]
[EndTime "14:28:11 PDT"]
[Termination "GHANDEEVAM2003 won by checkmate"]

1. Nf3 d5 2. g3 Nf6 3. Bg2 Bf5 4. O-O e6 5. d3 h6 6. b3 c6 7. Bb2 Be7 8. Nbd2 O-O 9. Re1 a5 10. e4 Bh7 11. a3 Na6 12. Qe2 Nc5 13. Ne5 Nfd7 14.
Nxd7 Qxd7 15. Qg4 Bg6 16. h4 h5 17. Qe2 dxe4 18. dxe4 Rfd8 19. Nc4 Qe8 20. Ne5 Bf6 21. Bf3 Bxe5 22. Bxe5 f6 23. Bc7 Rdc8 24. Bd6 Nd7 25. e5 f5 26. c4 Nb6 27. Qe3 Ra6 28. a4 Nd7 29. Kh2 Nf8 30. Rad1 Rd8 31. Bc7 Rxd1 32. Rxd1 b5 33. Qc5 bxa4 34. Rd8 Qf7 35. Bd6 axb3 36. Rxf8+ Qxf8 37. Bxf8 b2 38. Qe7 Bf7 39. Bxh5 b1=N 40. Qxf7+ Kh7 41. Qxg7# 1-0

[Event "Late-Titled-Tuesday-Blitz-June-18-2024"]
[Site "Chess.com"]
[Date "2024.06.18"]
[Round "3"]
[White "Bryanl106"]
[Black "MITerryble"]
[Result "1-0"]
[WhiteElo "2735"]
[BlackElo "2992"]
[TimeControl "180+1"]
[EndTime "14:28:13 PDT"]
[Termination "Bryanl106 won by resignation"]

1. e4 e6 2. d4 d5 3. Nd2 Be7 4. c4 dxe4 5. Nxe4 Nf6 6. Nxf6+ Bxf6 7. Nf3 Nd7 8. Bd3 c5 9. d5 exd5 10. cxd5 O-O 11. O-O Nb6 12. Be4 Re8 13. Re1 Bg4 14. Bf4 g6 15. h3 Bxf3 16. Qxf3 Bxb2 17. Rab1 Bd4 18. a4 Qd7 19. a5 Nc4 20. a6 b5 21. d6 Rac8 22. Bb7 Rxe1+ 23. Rxe1 Re8 24. Rxe8+ Qxe8 25. g3 Qd8 26. Qc6 Nb6 27. Qc7 Qd7 28. Qxd7 Nxd7 29. Bc6 Nf8 30. d7 Ne6 31. Bxb5 c4 32.
Bxc4 Bb6 33. Bxe6 fxe6 34. Bg5 1-0

[Event "Late-Titled-Tuesday-Blitz-June-18-2024"]
[Site "Chess.com"]
[Date "2024.06.18"]
[Round "3"]
[White "ReadySkate"]
[Black "jlf287"]
[Result "1-0"]
[WhiteElo "2785"]
[BlackElo "2510"]
[TimeControl "180+1"]
[EndTime "14:28:13 PDT"]
[Termination "ReadySkate won by resignation"]

1. d4 Nf6 2. c4 e6 3. Nc3 d5 4.
cxd5 exd5 5. Bg5 c6 6. Qc2 Be7 7. e3 h6 8. Bh4 O-O 9. Bd3 Re8 10. Nge2 Nbd7 11. O-O a5 12. f3 b5 13. Bf2 Ba6 14.
Kh1 Nb6 15. Rad1 b4 16. Nb1 Bxd3 17. Qxd3 c5 18. dxc5 Bxc5 19. b3 Qd7 20. Nd4 a4 21.
Rc1 Bf8 22. Bh4 Nh7 23. Bg3 Rac8 24. Qa6 Rxc1 25. Rxc1 Rc8 26. Rxc8 Qxc8 27. Qxc8 Nxc8 28. bxa4 Bc5 29. Nd2 Nb6 30. a5 Nc4 31. N2b3 Ba7 32. Bf2 Nf6 33. a6 Nd7 34. Nb5 Bxe3 35. Bxe3 Nxe3 36. a7 Nb6 37. Nc7 Nd1 38. Nc5 Nc3 39. Nd7 1-0

[Event "Late-Titled-Tuesday-Blitz-June-18-2024"]
[Site "Chess.com"]
[Date "2024.06.18"]
[Round "3"]
[White "K-Nygren"]
[Black "jamengrand"]
[Result "1-0"]
[WhiteElo "2524"]
[BlackElo "2297"]
[TimeControl "180+1"]
[EndTime "14:28:13 PDT"]
[Termination "K-Nygren won by resignation"]

1. e4 c5 2. Nf3 Nc6 3. d4 cxd4 4. Nxd4 g6 5. c4 Bg7 6. Nc2 Nf6 7. Nc3 O-O 8. Be2 d6 9. f3 Bd7 10. Be3 Qa5 11.
Rc1 Rfc8 12. O-O Ne5 13. b4 Qd8 14. c5 b6 15. Nd5 Nxd5 16. exd5 dxc5 17. f4 cxb4 18.
fxe5 Ba4 19. Bf4 Bxc2 20. Rxc2 Rxc2 21. Qxc2 Qxd5 22. Qc7 g5 23. Bxg5 Bxe5 24. Qxe7 Rf8 25. Bh6 Bg7 26. Bxg7 Kxg7 27. Qf6+ Kg8 28. Rf5 1-0

[Event "Late-Titled-Tuesday-Blitz-June-18-2024"]
[Site "Chess.com"]
[Date "2024.06.18"]
[Round "3"]
[White "JG1me"]
[Black "only_strong_moves"]
[Result "1-0"]
[WhiteElo "2547"]
[BlackElo "2642"]
[TimeControl "180+1"]
[EndTime "14:28:14 PDT"]
[Termination "JG1me won by resignation"]

1. d4 Nf6 2. Bg5 Ne4 3. Bf4 c5 4. f3 Nf6 5. d5 d6 6. e4 g6 7. Nc3 Bg7 8. Qd2 a6 9. Bh6 O-O 10. h4 b5 11. h5 b4 12. Nce2 e6 13. Bxg7 Kxg7 14. hxg6 fxg6 15. Qh6+ Kg8 16. dxe6 Bxe6 17. Nf4 Bf7 18. Ngh3 Be8 19. Ne6 Qe7 20. Qxf8+ Qxf8 21. Nxf8 Kxf8 22. O-O-O Ke7 23. Ng5 h5 24. Bc4 Nbd7 25. f4 Nb6 26. Be2 Bc6 27. Bf3 Nfd7 28. g4 Rf8 29.
gxh5 gxh5 30. Rxh5 Rxf4 31. Rh7+ Kf6 32. Rf7+ Ke5 33. Rxd6 Rxf3 34. Re6+ Kd4 35. Nxf3+ Kc4 36. Rxc6 1-0

[Event "Late-Titled-Tuesday-Blitz-June-18-2024"]
[Site "Chess.com"]
[Date "2024.06.18"]
[Round "3"]
[White "GMAneta"]
[Black "CrimeFightingSpider07"]
[Result "1-0"]
[WhiteElo "2365"]
[BlackElo "2515"]
[TimeControl "180+1"]
[EndTime "14:28:15 PDT"]
[Termination "GMAneta won by resignation"]

1. d4 Nf6 2. Nf3 e6 3. c4 d5 4. Nc3 Bb4 5. cxd5 exd5 6. Qa4+ Nc6 7. Bg5 h6 8. Bxf6 Qxf6 9. e3 O-O 10. Be2 Be6 11.
O-O a6 12. Rfc1 Bd6 13. Qd1 Ne7 14. Na4 b6 15. a3 a5 16. Nc3 c6 17. Rc2 Rfc8 18.
Rac1 Rab8 19. Ba6 Rd8 20. Ne2 Bg4 21. Ng3 Nf5 22. Be2 Nxg3 23. hxg3 c5 24. dxc5 Bxc5 25. Nd4 Bxe2 26. Nxe2 d4 27. exd4 Bxd4 28. Nxd4 Qxd4 29.
Qxd4 Rxd4 30. Rc8+ Rxc8 31. Rxc8+ Kh7 32. Rb8 Rd6 33. b4 a4 34. f3 Rd1+ 35. Kf2 Ra1 36.
Rxb6 Rxa3 37. Ra6 Ra2+ 38. Ke3 a3 39. Kd4 Ra1 40. Kc5 a2 41. Kb5 h5 42. f4 g6 43.
Ra4 Kg7 44. Ka5 Kf8 45. b5 Ke7 46. b6 Kd7 47. Ka6 Kc6 48. Rc4+ Kd5 49. Rc2 Kd4 50. b7 Kd3 51. Rf2 Ke3 52. Rb2 Rb1 53. Rxa2 Kd4 54. Ka7 1-0

[Event "Late-Titled-Tuesday-Blitz-June-18-2024"]
[Site "Chess.com"]
[Date "2024.06.18"]
[Round "3"]
[White "SilverCityIndigo"]
[Black "dennisodessa"]
[Result "0-1"]
[WhiteElo "2405"]
[BlackElo "2602"]
[TimeControl "180+1"]
[EndTime "14:28:16 PDT"]
[Termination "dennisodessa won by resignation"]

1. d4 Nf6 2. Nf3 e6 3. c4 Bb4+ 4. Nbd2 b6 5. g3 Bb7 6. Bg2 O-O 7. O-O d6 8. a3 Bxd2 9. Qxd2 Nbd7 10. b4 a5 11. Bb2 Qe7 12. Rfe1 Be4 13. Bh3 Ra7 14. Qc3 Rfa8 15. Rad1 h6 16. d5 e5 17.
Nh4 axb4 18. axb4 Qd8 19. f3 Bh7 20. e4 Ra2 21. Ra1 Rxa1 22. Bxa1 Ra2 23. Bf5 Qa8 24. f4 Qa4 25. c5 bxc5 26. bxc5 Rc2 27. Bxh7+ Kxh7 28.
Qf3 Qa5 29. c6 Qxe1+ 30. Qf1 Qe3+ 31. Kh1 Rc1 0-1

[Event "Late-Titled-Tuesday-Blitz-June-18-2024"]
[Site "Chess.com"]
[Date "2024.06.18"]
[Round "3"]
[White "Hikaru"]
[Black "ChEsper99"]
[Result "1-0"]
[WhiteElo "3293"]
[BlackElo "2259"]
[TimeControl "180+1"]
[EndTime "14:28:17 PDT"]
[Termination "Hikaru won by resignation"]

1. h4 d5 2. d4 Nf6 3. f3 e6 4. g4 c5 5. e3 cxd4 6. exd4 Bd6 7. c3 Bg3+ 8. Kd2 Bf4+ 9. Kc2 Bxc1 10. Kxc1 Nc6 11.
g5 Nd7 12. f4 Qc7 13. Qd2 h6 14. Nf3 hxg5 15. fxg5 Nf8 16. Bd3 Bd7 17. Na3 a6 18.
b3 O-O-O 19. Kb2 e5 20. Nxe5 Nxe5 21. dxe5 Qxe5 22. Nc2 Ne6 23. Rae1 Qf4 24. Ne3 Bc6 25. Ref1 Qc7 26. Nf5 g6 27. Nh6 Rd7 28. Rhg1 d4 29.
c4 Kb8 30. b4 b5 31. c5 Bd5 32. a3 Bc4 33. Rf2 Bxd3 34. Qxd3 Rf8 35. Rgf1 Ka7 36. Ng4 Qc6 37. Ne5 1-0

[Event "Late-Titled-Tuesday-Blitz-June-18-2024"]
[Site "Chess.com"]
[Date "2024.06.18"]
[Round "3"]
[White "GrotBchess"]
[Black "cthulhuuu"]
[Result "1-0"]
[WhiteElo "2582"]
[BlackElo "2384"]
[TimeControl "180+1"]
[EndTime "14:28:20 PDT"]
[Termination "GrotBchess won by checkmate"]

1. e4 d6 2. d4 Nf6 3. Nc3 c6 4. Nf3 Bg4 5. Be2 e6 6. O-O d5 7. e5 Nfd7 8. Nd2 Bf5 9. f4 c5 10. Nf3 Nc6 11. Be3 Qb6 12. Kh1 Qxb2 13. Nb5 Rc8 14. c4 a6 15. cxd5 exd5 16. Nd6+ Bxd6 17.
exd6 c4 18. Ne5 f6 19. Bg4 fxe5 20. fxe5 Be4 21. Bxd7+ Kxd7 22. Qg4+ Kd8 23. Bg5+ Ne7 24. Bxe7+ Ke8 25. Qxc8# 1-0

[Event "Late-Titled-Tuesday-Blitz-June-18-2024"]
[Site "Chess.com"]
[Date "2024.06.18"]
[Round "3"]
[White "monomita"]
[Black "jbking07"]
[Result "0-1"]
[WhiteElo "2769"]
[BlackElo "2390"]
[TimeControl "180+1"]
[EndTime "14:28:22 PDT"]
[Termination "jbking07 won by checkmate"]

1. d4 Nf6 2. Nc3 d5 3. Bf4 a6 4.
e3 e6 5. g4 c5 6. g5 Nfd7 7. h4 Nc6 8. Nf3 b5 9. Ne2 Bb7 10. h5 h6 11. g6 f6 12. Bh3 Qe7 13.
Bg3 O-O-O 14. Nf4 f5 15. Nd3 c4 16. Nde5 Nf6 17. Nf7 Rg8 18. Nxd8 Qxd8 19. Ne5 Nxe5 20. Bxe5 Bd6 21. Bxd6 Qxd6 22. c3 Ne4 23. Bg2 Rf8 24. Bxe4 fxe4 25. Qg4 Rf5 26. Qg3 Qf8 27. O-O-O Kd7 28.
Rdf1 b4 29. cxb4 Qxb4 30. Qb8 Rf8 31. Qa7 c3 32. b3 Rc8 33. Kc2 Qb5 34. b4 Qe2+ 35. Kb3 Qb2+ 36. Ka4 Qxa2# 0-1

[Event "Late-Titled-Tuesday-Blitz-June-18-2024"]
[Site "Chess.com"]
[Date "2024.06.18"]
[Round "3"]
[White "Bob_2004"]
[Black "Zq1"]
[Result "1-0"]
[WhiteElo "2748"]
[BlackElo "2503"]
[TimeControl "180+1"]
[EndTime "14:28:22 PDT"]
[Termination "Bob_2004 won by resignation"]

1. d4 Nf6 2. c4 a6 3. Nc3 c5 4. d5 b5 5. cxb5 axb5 6. e4 b4 7. Nb5 d6 8. Bf4 g5 9. Bxg5 Nxe4 10. Bf4 Bg7 11. Qe2 Nf6 12. Nxd6+ Kf8 13. Nxc8 Qxc8 14.
Rd1 Rxa2 15. Qb5 Nbd7 16. Nf3 Rxb2 17. Qc6 Qd8 18. Bc7 Qe8 19. Bb5 Qc8 20. Ba6 Qe8 21.
Bb5 Qc8 22. O-O h5 23. Rfe1 Rh6 24. Rxe7 Kg8 25. Bf4 Qf8 26. Rxd7 Nxd7 27. Bxh6 Bxh6 28. Qxd7 c4 29. Bxc4 Qc5 30. Bf1 Qxf2+ 31. Kh1 Qc2 32. Qe8+ Bf8 33. Qe1 Qc3 34. Qg3+ Qg7 35. d6 Qxg3 36.
hxg3 b3 37. d7 Be7 38. d8=Q+ 1-0

[Event "Late-Titled-Tuesday-Blitz-June-18-2024"]
[Site "Chess.com"]
[Date "2024.06.18"]
[Round "3"]
[White "penguingm1"]
[Black "ZverevLev"]
[Result "0-1"]
[WhiteElo "2943"]
[BlackElo "2720"]
[TimeControl "180+1"]
[EndTime "14:28:23 PDT"]
[Termination "ZverevLev won by checkmate"]

1. d4 Nf6 2. c4 e6 3. Nc3 Bb4 4. Qc2 O-O 5. Nf3 d5 6. Bg5 h6 7.
Bxf6 Qxf6 8. a3 Bxc3+ 9. Qxc3 c6 10. h4 b6 11. g4 Qe7 12. g5 h5 13. g6 fxg6 14.
Rg1 Ba6 15. Rxg6 Bxc4 16. Bh3 Rf6 17. Rg5 Nd7 18. Rxh5 Raf8 19. Qc2 Rxf3 20. exf3 Rxf3 21. Qh7+ Kf7 22. Rg5 Qf6 23. Bg4 Re3+ 24. fxe3 Qf1+ 25. Kd2 Qf2+ 26. Kd1 Bb3+ 27. Kc1 Qe1+ 28. Bd1 Qxd1# 0-1

[Event "Late-Titled-Tuesday-Blitz-June-18-2024"]
[Site "Chess.com"]
[Date "2024.06.18"]
[Round "3"]
[White "Road2GM3000"]
[Black "aeiiuu"]
[Result "0-1"]
[WhiteElo "2453"]
[BlackElo "2644"]
[TimeControl "180+1"]
[EndTime "14:28:26 PDT"]
[Termination "aeiiuu won by resignation"]

1. d4 Nf6 2. c4 a6 3. a4 b6 4. Nc3 Bb7 5. Nf3 g6 6. Bg5 Bg7 7. e3 O-O 8. Bd3 d5 9. cxd5 Nxd5 10. O-O h6 11. Bh4 g5 12. Bg3 Nxc3 13. bxc3 Nd7 14. h4 g4 15. Nd2 f5 16. Qc2 e6 17. Nc4 Nf6 18. Ne5 Qd5 19. f3 Nh5 20. e4 Qd6 21. Be1 Nf4 22. Bd2 Bxe5 23. dxe5 Qxd3 24.
Qxd3 Nxd3 25. Bxh6 Rf7 26. exf5 exf5 27. f4 Be4 28.
Bg5 Re8 29. g3 c5 30. Rab1 Re6 31. Rb3 c4 32. Ra3 Rb7 33. Raa1 Kf7 34. h5 Kg7 35. h6+ Kg6 36. Rfd1 Bf3 37. Rf1 Nxe5 38. Rae1 Re8 39. Rxe5 Rxe5 40. fxe5 Kxg5 41. Re1 Kxh6 42. e6 Re7 43.
Re5 Kg6 0-1

[Event "Late-Titled-Tuesday-Blitz-June-18-2024"]
[Site "Chess.com"]
[Date "2024.06.18"]
[Round "3"]
[White "arctic_t00"]
[Black "vi_pranav"]
[Result "0-1"]
[WhiteElo "2729"]
[BlackElo "3035"]
[TimeControl "180+1"]
[EndTime "14:28:27 PDT"]
[Termination "vi_pranav won by resignation"]

1. Nf3 Nf6 2. c4 e6 3. g3 a6 4. Bg2 b5 5. b3 Bb7 6. Bb2 Be7 7. O-O O-O 8. Nc3 bxc4 9. bxc4 d6 10. Rb1 Nbd7 11. Ba1 Rb8 12. Qc2 c5 13. d3 Qc7 14.
Rb3 Bc6 15. Rfb1 Rxb3 16. axb3 Rb8 17. h3 h6 18. d4 Bxf3 19. Bxf3 cxd4 20. Ne4 d5 21.
Nxf6+ Bxf6 22. Rd1 dxc4 23. bxc4 Qc5 24. Kg2 Rc8 25. Bb7 Rc7 26. Rb1 d3 27. exd3 Bxa1 28. Bf3 Bd4 0-1

[Event "Late-Titled-Tuesday-Blitz-June-18-2024"]
[Site "Chess.com"]
[Date "2024.06.18"]
[Round "3"]
[White "NigelDwarf"]
[Black "AldokhinIvan"]
[Result "0-1"]
[WhiteElo "2442"]
[BlackElo "2639"]
[TimeControl "180+1"]
[EndTime "14:28:27 PDT"]
[Termination "AldokhinIvan won by resignation"]

1. Nf3 Nf6 2. g3 g6 3. Bg2 Bg7 4. O-O O-O 5. d4 d6 6. c4 Nbd7 7. Nc3 e5 8. e4 exd4 9. Nxd4 Re8 10. Re1 a6 11. Be3 Rb8 12. h3 Ne5 13. b3 c5 14.
Nde2 b5 15. cxb5 axb5 16. Qc2 b4 17. Na4 Ba6 18. Rad1 Qe7 19. Rd2 c4 20. Red1 Rec8 21.
Nf4 cxb3 22. Qxb3 Nc4 23. Re2 Na5 24. Qb2 Nxe4 25. Nd5 Qe6 26. Qxg7+ Kxg7 27. Bd4+ Kf8 28. Rxe4 Qxd5 29. Bg7+ Kxg7 30. Rxd5 Nc4 31. Re7 Bb5 32. Rd4 Bxa4 33. Bd5 Ne5 34. f4 Rc1+ 35. Kf2 Rc2+ 36. Ke3 Rc3+ 37. Kd2 Nf3+ 0-1

[Event "Late-Titled-Tuesday-Blitz-June-18-2024"]
[Site "Chess.com"]
[Date "2024.06.18"]
[Round "3"]
[White "WindWhistler11"]
[Black "Mysterio47"]
[Result "0-1"]
[WhiteElo "2520"]
[BlackElo "2841"]
[TimeControl "180+1"]
[EndTime "14:28:29 PDT"]
[Termination "Mysterio47 won by resignation"]

1. Nf3 d6 2. g3 e5 3. d4 e4 4. Ng5 f5 5. c4 Be7 6. Nh3 Nf6 7. Nf4 O-O 8. h4 c6 9. Nc3 Na6 10. Qb3 Nc7 11. Bd2 Qe8 12. e3 Qf7 13. Be2 Rb8 14. Nh3 Bd7 15. Ng5 Qe8 16. f3 h6 17. Nh3 exf3 18. Bxf3 Be6 19. Nf4 Bf7 20.
d5 b5 21. O-O-O bxc4 22. Qxc4 Ncxd5 23. Nfxd5 cxd5 24. Qd3 Ne4 25. Nxd5 Nf2 26. Qxf5 Nxh1 27. Bxh1 Rc8+ 28. Bc3 Bxd5 29. Qxd5+ Kh8 30. Qe6 Bf6 31. Qxe8 Rcxe8 32. Rxd6 Bxc3 33. bxc3 Rf1+ 0-1

[Event "Late-Titled-Tuesday-Blitz-June-18-2024"]
[Site "Chess.com"]
[Date "2024.06.18"]
[Round "3"]
[White "Dexter_Dyke"]
[Black "larsmandreassen"]
[Result "1-0"]
[WhiteElo "2507"]
[BlackElo "2228"]
[TimeControl "180+1"]
[EndTime "14:28:29 PDT"]
[Termination "Dexter_Dyke won by resignation"]

1. e4 d5 2. exd5 Nf6 3. c4 e6 4. d4 exd5 5. Nc3 Bb4 6. Nf3 O-O 7. Be2 dxc4 8. O-O Bg4 9. Bg5 Nc6 10. Ne4 Be7 11. Bxf6 Bxf6 12. d5 Bxf3 13. Bxf3 Ne5 14. Be2 b5 15. a4 a6 16. f4 Nd7 17. Qc2 Bd4+ 18. Kh1 Nf6 19. Rad1 Bb6 20. Bf3 Rb8 21.
axb5 axb5 22. b3 cxb3 23. Qxb3 Nxe4 24. Bxe4 Bc5 25. Qc2 Bd6 26. Bxh7+ Kh8 27. Rf3 g6 28. Bxg6 fxg6 29. Qxg6 Qh4 30. Rh3 Qxh3 31. gxh3 b4 32. Rg1 Bxf4 33. Qh5+ 1-0

[Event "Late-Titled-Tuesday-Blitz-June-18-2024"]
[Site "Chess.com"]
[Date "2024.06.18"]
[Round "3"]
[White "crazy_machine"]
[Black "YouShallNotPass001"]
[Result "1-0"]
[WhiteElo "2634"]
[BlackElo "2437"]
[TimeControl "180+1"]
[EndTime "14:28:31 PDT"]
[Termination "crazy_machine won by resignation"]

1. d4 Nf6 2. Nc3 e6 3. e4 d5 4.
e5 Ne4 5. Nce2 h6 6. h4 Be7 7. g3 O-O 8. f3 Nxg3 9. Nxg3 Bxh4 10. Kf2 c5 11. c3 Nc6 12. Ne2 f6 13. Rxh4 fxe5 14.
Rg4 e4 15. Bxh6 Rxf3+ 16. Kg2 e5 17. Rxg7+ Kh8 18. Qd2 Qh4 19. Qg5 Bh3+ 20. Kh2 Qxg5 21. Rxg5 Bxf1 22. Rxf1 Rxf1 23. Nxf1 exd4 24. cxd4 Kh7 25.
dxc5 d4 26. Rd5 d3 27. Neg3 Kxh6 28. Nxe4 Rf8 29. Kg2 Nb4 30. Rd6+ Kg7 31. a3 Nc2 32. Nfd2 Ne1+ 33. Kg3 b6 34. c6 Rh8 35. Rd7+ Kg6 36. c7 Kf5 37. Rd8 1-0

[Event "Late-Titled-Tuesday-Blitz-June-18-2024"]
[Site "Chess.com"]
[Date "2024.06.18"]
[Round "3"]
[White "Winner_7777"]
[Black "Josetricks"]
[Result "0-1"]
[WhiteElo "2554"]
[BlackElo "2391"]
[TimeControl "180+1"]
[EndTime "14:28:33 PDT"]
[Termination "Josetricks won on time"]

1. d4 g6 2. e4 Bg7 3. Nc3 c6 4. Be3 d5 5. f3 Qb6 6. a3 e5 7.
Nge2 Ne7 8. g3 O-O 9. Bg2 dxe4 10. fxe4 Rd8 11. Na4 Qa5+ 12. c3 Bg4 13. b4 Qb5 14. Nc5 exd4 15. cxd4 a5 16. Rb1 Nd7 17. Nxd7 Rxd7 18.
Nc3 Qc4 19. Qb3 Qd3 20. Kf2 Bxd4 21. Rhe1 axb4 22. axb4 Qxc3 0-1

[Event "Late-Titled-Tuesday-Blitz-June-18-2024"]
[Site "Chess.com"]
[Date "2024.06.18"]
[Round "3"]
[White "CruzWilliam"]
[Black "Skatchkov_V"]
[Result "0-1"]
[WhiteElo "2449"]
[BlackElo "2641"]
[TimeControl "180+1"]
[EndTime "14:28:34 PDT"]
[Termination "Skatchkov_V won by resignation"]

1. d4 g6 2. c4 Bg7 3. Nc3 c5 4. Nf3 cxd4 5. Nxd4 Nc6 6. e3 Nf6 7.
Be2 O-O 8. O-O d6 9. b3 Bd7 10. Bb2 Rc8 11. Bf3 a6 12. Rc1 Qa5 13. a3 Qb6 14. Na4 Qc7 15. c5 d5 16. Nb6 Rcd8 17.
Bxd5 Nxd4 18. exd4 e5 19. dxe5 Ng4 20. Nxd7 Rxd7 21.
Bxf7+ Rdxf7 22. Qxg4 Bxe5 23. Bxe5 Qxe5 24. Qg3 Qb2 25.
b4 Rxf2 26. Rce1 Rxf1+ 27. Rxf1 Qd4+ 28. Rf2 Qd1+ 0-1

[Event "Late-Titled-Tuesday-Blitz-June-18-2024"]
[Site "Chess.com"]
[Date "2024.06.18"]
[Round "3"]
[White "pouya21"]
[Black "nihalsarin"]
[Result "0-1"]
[WhiteElo "2808"]
[BlackElo "3204"]
[TimeControl "180+1"]
[EndTime "14:28:36 PDT"]
[Termination "nihalsarin won by resignation"]

1. e4 c6 2. d4 d5 3. e5 Bf5 4. g4 Bd7 5. Nc3 e6 6. Be3 c5 7. dxc5 Nc6 8. Nf3 h5 9. gxh5 Nh6 10. Bb5 Nf5 11. Bxc6 Bxc6 12. Bd4 Rxh5 13. a3 Rh3 14. Ng1 Rh4 15. Nf3 Re4+ 16. Nxe4 dxe4 17. Bc3 exf3 18. Qxd8+ Rxd8 19. b4 Nh4 20. O-O g5 21. Rfd1 Rxd1+ 22. Rxd1 Bg7 23. Bb2 Ng6 24. c4 Bxe5 25. Bxe5 Nxe5 26.
Rd4 a6 27. h4 gxh4 28. Rxh4 Ke7 29. Kh2 Kf6 30. Rf4+ Kg5 31. Kg3 f5 32. Rd4 Ng4 33. a4 e5 34. Rd2 f4+ 35. Kh3 Bxa4 0-1

[Event "Late-Titled-Tuesday-Blitz-June-18-2024"]
[Site "Chess.com"]
[Date "2024.06.18"]
[Round "3"]
[White "HouseOfDurin"]
[Black "unkiyto"]
[Result "1-0"]
[WhiteElo "2330"]
[BlackElo "2619"]
[TimeControl "180+1"]
[EndTime "14:28:36 PDT"]
[Termination "HouseOfDurin won by resignation"]

1. d4 Nf6 2. Bg5 g6 3. Bxf6 exf6 4. c4 Bg7 5. Nc3 c6 6. g3 O-O 7.
e3 Re8 8. Nge2 f5 9. Bg2 d6 10. O-O Be6 11. Qd3 d5 12. cxd5 cxd5 13. Nf4 Nc6 14.
Nfxd5 Qd6 15. a3 Rad8 16. b4 a6 17. Rfc1 Ne7 18. Nxe7+ Rxe7 19. Na4 b5 20. Nc5 Bc4 21. Qc2 Rde8 22. Bf1 Bd5 23. a4 f4 24. gxf4 Bxd4 25. exd4 Qxf4 26. Ra3 Re1 27. Rxe1 Rxe1 28. Re3 Qg4+ 29.
Rg3 Qxd4 30. Nd3 Re8 31. axb5 axb5 32. Qc5 Qe4 33. Bg2 Qe1+ 34. Nxe1 1-0

[Event "Late-Titled-Tuesday-Blitz-June-18-2024"]
[Site "Chess.com"]
[Date "2024.06.18"]
[Round "3"]
[White "DeTimmerman"]
[Black "Rud_Makarian"]
[Result "0-1"]
[WhiteElo "2737"]
[BlackElo "3068"]
[TimeControl "180+1"]
[EndTime "14:28:37 PDT"]
[Termination "Rud_Makarian won on time"]

1. Nf3 Nf6 2. c4 e6 3. e3 d5 4. b3 b6 5. Bb2 dxc4 6. Bxc4 Bb7 7. O-O Be7 8. d4 O-O 9. Nbd2 a6 10. Rc1 Nbd7 11.
Qc2 c5 12. Rfd1 b5 13. Bd3 cxd4 14. Nxd4 Rc8 15. Qb1 Qb6 16. a3 h5 17. b4 Bd5 18.
N4b3 Qb8 19. h3 Ne5 20. Bf1 Neg4 21. hxg4 Nxg4 22. g3 Bh4 23. Bg2 Bxg3 24. f4 Bf2+ 25. Kf1 Bxe3 0-1

[Event "Late-Titled-Tuesday-Blitz-June-18-2024"]
[Site "Chess.com"]
[Date "2024.06.18"]
[Round "3"]
[White "biostatistician"]
[Black "Beaterawn"]
[Result "1-0"]
[WhiteElo "2581"]
[BlackElo "2380"]
[TimeControl "180+1"]
[EndTime "14:28:38 PDT"]
[Termination "biostatistician won by resignation"]

1. d4 f5 2. Nf3 Nf6 3. g3 g6 4.
Bg2 Bg7 5. O-O O-O 6. b4 c6 7. c4 d6 8. Bb2 Na6 9. b5 cxb5 10. cxb5 Nc7 11. Nc3 Ne4 12. a4 Kh8 13. Nxe4 fxe4 14. Ng5 d5 15. h4 h6 16. Nh3 Bf5 17. Rc1 Qd7 18. Nf4 Kh7 19. e3 Rac8 20. Ba3 Ne6 21. Nxe6 Qxe6 22. Qd2 Qf6 23. Rxc8 Rxc8 24. Rc1 e5 25. Rxc8 Bxc8 26. Bb2 Qe6 27. Qc1 exd4 28. Bxd4 Bxd4 29. exd4 Bd7 30. Qc7 a6 31. Qxb7 axb5 32. axb5 e3 33. fxe3 Qxe3+ 34. Kh2 Qe6 35. b6 Qc6 36.
Bxd5 Qd6 37. Bg2 h5 38. Qc7 Qxc7 39. bxc7 g5 40. hxg5 Bc8 41. Bh3 Ba6 42. d5 1-0

[Event "Late-Titled-Tuesday-Blitz-June-18-2024"]
[Site "Chess.com"]
[Date "2024.06.18"]
[Round "3"]
[White "yobdc"]
[Black "Adar_07"]
[Result "1-0"]
[WhiteElo "2564"]
[BlackElo "2814"]
[TimeControl "180+1"]
[EndTime "14:28:39 PDT"]
[Termination "yobdc won by checkmate"]

1. e4 c6 2. d4 d5 3. exd5 cxd5 4. Bd3 Nf6 5. h3 Nc6 6. c3 g6 7. Qc2 Qc7 8. Nf3 Rb8 9. a4 a6 10. O-O Bg7 11. Re1 O-O 12. Qe2 Bf5 13. Bxf5 gxf5 14. Ne5 Nxe5 15. dxe5 Ne4 16. Bf4 e6 17. Nd2 Rfc8 18.
Nf3 b5 19. axb5 axb5 20. Nd4 b4 21. f3 Nc5 22. Nb5 Qb6 23. Nd6 Rc6 24. Kh2 bxc3 25. bxc3 Bf8 26. Reb1 Qxb1 27. Rxb1 Rxb1 28. Qf2 h6 29. Qh4 Nd3 30. Bxh6 Bxh6 31. Qxh6 Nxe5 32. Ne8 Nxf3+ 33. gxf3 Rb2+ 34. Kg3 f4+ 35. Kh4 e5 36. Qg7# 1-0

[Event "Late-Titled-Tuesday-Blitz-June-18-2024"]
[Site "Chess.com"]
[Date "2024.06.18"]
[Round "3"]
[White "Yaacovn"]
[Black "sari07"]
[Result "1-0"]
[WhiteElo "2797"]
[BlackElo "2382"]
[TimeControl "180+1"]
[EndTime "14:28:39 PDT"]
[Termination "Yaacovn won by resignation"]

1. d4 d5 2. e3 Nf6 3. Bd3 c5 4. c3 Nc6 5. f4 g6 6. Nf3 Bg7 7. O-O O-O 8. Nbd2 Bg4 9. Qe1 Bxf3 10. Nxf3 Ne4 11. Qe2 Rc8 12. Bxe4 dxe4 13. Ng5 Qd5 14. c4 Qf5 15. g4 Qd7 16. d5 Na5 17. Nxe4 b5 18. cxb5 Qxd5 19. Nc3 Bxc3 20. bxc3 c4 21.
Ba3 Rfe8 22. Rab1 Rb8 23. Rfd1 Qe6 24. Bc5 Nb7 25. Bxa7 Ra8 26. b6 h5 27. h3 hxg4 28.
hxg4 Kg7 29. Kg2 Rh8 30. Qf3 Nc5 31. Rh1 Rxh1 32. Rxh1 Ne4 33. b7 Rxa7 34. b8=Q Rxa2+ 35. Kh3 Nf2+ 36. Kh4 Qf6+ 37. g5 Qe6 38. Qe5+ Qxe5 39. fxe5 Nd3 40. Kg3 Rf2 41. Qxf2 Nxf2 42. Kxf2 1-0

[Event "Late-Titled-Tuesday-Blitz-June-18-2024"]
[Site "Chess.com"]
[Date "2024.06.18"]
[Round "3"]
[White "XDPS"]
[Black "ArtemDyachuk"]
[Result "1-0"]
[WhiteElo "2897"]
[BlackElo "2647"]
[TimeControl "180+1"]
[EndTime "14:28:41 PDT"]
[Termination "XDPS won by resignation"]

1. d4 d5 2. Bf4 Nf6 3. e3 c5 4. c3 Nc6 5. Nd2 e6 6. Ngf3 Bd6 7. Bg3 O-O 8. Bb5 Ne7 9. Bd3 b6 10. Ne5 Bb7 11. Qf3 Ng6 12. O-O Qe7 13. Rfe1 Nd7 14. Nxg6 hxg6 15. Rad1 e5 16. e4 cxd4 17. cxd4 dxe4 18. Bxe4 Bxe4 19. Nxe4 Bb4 20. Re2 f5 21. Qb3+ Kh8 22. Ng5 Qxg5 23. Qxb4 f4 24. dxe5 Nc5 25.
Rd4 fxg3 26. Rh4+ Kg8 27. Qc4+ Rf7 28. hxg3 Rd8 29. Kh2 Rd1 30. b4 Nd7 31. e6 Rc1 32.
exf7+ 1-0

[Event "Late-Titled-Tuesday-Blitz-June-18-2024"]
[Site "Chess.com"]
[Date "2024.06.18"]
[Round "3"]
[White "safikiet"]
[Black "Malev212"]
[Result "1-0"]
[WhiteElo "2458"]
[BlackElo "2623"]
[TimeControl "180+1"]
[EndTime "14:28:41 PDT"]
[Termination "safikiet won on time"]

1. e4 c6 2. d4 d6 3. Nc3 Nd7 4. Nf3 h6 5. Bc4 g5 6. a4 Bg7 7. Be3 Ngf6 8. e5 Ng4 9. e6 Nb6 10. exf7+ Kf8 11. Bb3 d5 12. a5 Nc4 13. Bxc4 dxc4 14. h3 Nxe3 15. fxe3 Kxf7 16. O-O Kg8 17. Qe2 Be6 18. Kh1 Qe8 19. e4 Rd8 20. d5 Bf7 21. Qxc4 Bf6 22. Rad1 Rc8 23. e5 cxd5 24. Qe2 Bg7 25.
e6 Bg6 26. Rxd5 Qc6 27. Rfd1 Kh7 28. h4 Rhf8 29. hxg5 1-0